[Event "26th Triest Festival 2024"]
[Site "Triest"]
[Date "2024.09.03"]
[Round "6.1"]
[White "Barp, Alberto"]
[Black "Bosiocic, Marin"]
[Result "0-1"]
[Annotator "TA"]
[ECO "E11"]
[WhiteElo "2431"]
[BlackElo "2555"]
[PlyCount "82"]
[EventDate "2024.09.02"]
[EventType "swiss"]
[EventCountry "ITA"]
[SourceTitle "playchess.com"]
[Source "ChessBase"]
[SourceQuality "1"]
[TimeControl "5400+30"]

1. d4 Nf6 2. c4 e6 3. Nf3 d5 4. g3 Bb4+ 5. Bd2 a5 6. Bg2 O-O 7. Qc2 c5 8. cxd5 cxd4 9. Nxd4 Qb6 {[%emt 0:00:45] White is slightly better.} 10. e3 exd5 11. O-O Nc6 12. Nxc6 bxc6 13. Rc1 Bd7 14. Nc3 Rfe8 15. Na4 Qb8 16. Bxb4 axb4 17. Nc5 Bg4 18. a4 bxa3 19. Rxa3 Rxa3 20. bxa3 h5 21. h3 Bc8 22. a4 h4 23. g4 (23. gxh4 $6 Qb4 $11) 23... d4 $2 24. exd4 $18 (24. Bxc6 $6 Rd8 $18) 24... Qf4 25. Nd3 (25. Bxc6 Rd8 26. Bg2 Qxd4) (25. a5 $18) 25... Qxd4 $16 26. Qc3 Qd6 (26... Rd8 $142 27. Qxd4 Rxd4) 27. Bxc6 (27. Qxc6 $2 Qxd3 28. a5 Qa3 $19) 27... Bd7 28. Bxd7 Qxd7 29. Nc5 Qd5 30. Qd3 (30. a5 $16) 30... Qg5 ({Better is} 30... Qa8 $1 $14) 31. Qc4 (31. Rc4 $16) 31... Rc8 $1 $14 {[%emt 0:03:22] [#] ...Nd7 would now be deadly.} 32. f4 $1 Qg6 33. Qa6 Rd8 (33... Re8 $11) 34. Qc6 (34. a5 $16) 34... Rb8 35. g5 Qf5 36. Qd6 (36. gxf6 $11 Qxh3 37. Ne4 Qg4+ 38. Kf1 Qh3+ 39. Ke2 Qg2+ (39... Rb2+ 40. Rc2 $16) 40. Ke3 Qh3+ 41. Ke2 (41. Kd4 Rd8+ 42. Nd6 Qe6 $11) 41... Qg2+ (41... Rb2+ $2 42. Rc2 $18) 42. Ke3 Qh3+ 43. Kd2 (43. Kd4 Rd8+ 44. Nd6 Qe6 $11) 43... Rd8+ 44. Ke2 (44. Kc2 $2 Qd3+ 45. Kb2 Rb8+ $19) 44... Qg4+ 45. Ke3 Qh3+ 46. Kf2 Qh2+ 47. Ke3 Qh3+ 48. Ke2 Qg4+ 49. Kf2 Qxf4+ 50. Ke2 Qg4+ 51. Ke3 Qh3+ 52. Ke2 Qg4+ 53. Ke1 Qg1+ 54. Ke2 Qg4+) 36... Re8 $1 $15 37. gxf6 {[%emt 0:04:59] Strongly threatening Qd7.} Qxh3 {[%emt 0:00:06] ( -> ...Qe3+)} 38. Qd4 {[%emt 0:00:24][%mdl 8192] [#]} (38. Qd2 $11) 38... Re3 {[%emt 0:02:35] Black mates.} 39. Ne4 Qg4+ 40. Kf1 Qxf4+ 41. Kg1 Rg3+ {[%emt 0:00:29] What a bad dream for White.   Weighted Error Value: White=0.35/Black=0.19 (very precise) .  Loses game:     	White=1     	Black=1      Mistake:       	White=5     	Black=3      Inaccurate:     	White=1     	Black=3      OK:         	White=13    	Black=6      Best:        	White=1     	Black=3      Strong:       	White=1     	Black=2} 0-1

[Event "26th Triest Festival 2024"]
[Site "Triest"]
[Date "2024.09.03"]
[Round "6.2"]
[White "Baklan, Vladimir"]
[Black "Wong, Zhenyong Jayden"]
[Result "1/2-1/2"]
[Annotator "TA"]
[ECO "B47"]
[WhiteElo "2535"]
[BlackElo "2397"]
[PlyCount "171"]
[EventDate "2024.09.02"]
[EventType "swiss"]
[EventCountry "ITA"]
[SourceTitle "playchess.com"]
[Source "ChessBase"]
[SourceQuality "1"]
[TimeControl "5400+30"]

1. e4 c5 2. Nf3 e6 3. d4 cxd4 4. Nxd4 Nc6 5. Nc3 Qc7 6. f4 a6 7. Nxc6 Qxc6 8. Bd3 b5 9. Qe2 Bb7 10. Bd2 Rc8 {[%emt 0:00:40] B47: Sicilian: Taimanov: 5 Nc3 Qc7 6 f4, 6 g3 and 6 Be2.} 11. a3 Nf6 12. e5 Nd5 13. Ne4 Be7 14. f5 $146 ({Predecessor:} 14. O-O O-O 15. Kh1 f5 16. exf6 Nxf6 17. Ng5 h6 18. Nf3 Bd6 19. Rae1 Qd5 20. Ne5 Bxe5 21. Qxe5 Qxg2# {0-1 Baskin,R (2451)-Hansen,E (2609) Titled Tuesday intern op 02nd May Late blitz 2023 (10)}) 14... Qc7 15. Ng3 Bc5 16. c3 g6 17. fxe6 dxe6 18. Rf1 O-O 19. Ne4 Be7 20. Nf6+ Bxf6 21. exf6 e5 22. Be4 Rfd8 23. O-O-O Qc4 24. Qxc4 Rxc4 25. Bc2 Rc6 26. Bg5 Rcd6 27. g4 e4 28. Rd4 Nc7 29. Rxd6 Rxd6 30. Re1 Ne8 31. Rf1 h6 32. Bxh6 Nxf6 33. h3 Re6 34. Re1 Kh7 35. Bg5 Kg7 36. Be3 Nd7 37. Rd1 Ne5 38. g5 f6 39. Bd4 Kf7 40. Bb3 Nc4 41. gxf6 e3 42. Re1 Bd5 43. Bd1 Bg2 44. h4 Nd6 45. Rxe3 (45. Bxe3 Nc4 46. Bd2 $16) 45... Rxe3 46. Bxe3 Kxf6 47. Bg4 Ke5 48. Bd7 Be4 49. a4 ({Better is} 49. Bc5 {Bxd6+ is the strong threat.} Nf5 50. Bf2) 49... Bf5 $16 50. Bc6 Be4 51. axb5 axb5 52. Bd7 Bf5 $1 53. Bxf5 Kxf5 54. Kc2 Ke4 55. Bg5 Nc4 56. Bd8 Kd5 57. Bc7 Kc6 58. Bf4 Kd5 59. b3 Na5 60. Bc7 Nb7 61. Bb6 Ke4 (61... Kc6 $142 62. Ba7 Kd5) 62. Bc7 (62. c4 $16 bxc4 63. bxc4) 62... Nc5 (62... Kd5 $11) 63. Bd6 Nb7 64. Be7 Na5 65. Bd8 Nc6 66. Bc7 Ne7 67. Bb6 (67. Kd2 $1 $14) 67... Nc6 (67... Nf5 $11) 68. c4 ({White should play} 68. Kd2 $14) 68... bxc4 $11 69. bxc4 Ne5 (69... Kf5 $11 {should be considered.}) 70. Kc3 $14 Nc6 71. Bc7 (71. Bf2 $1 $14) 71... Ke3 ({Black should try} 71... Kf3 $11) 72. c5 (72. Bg3 $1 $14) 72... Ke4 (72... Kf3 $1 $11 {keeps the balance.}) 73. Kc4 $16 Ne7 74. Bd8 Nc6 75. Bf6 Nb8 76. Be7 Nc6 77. Bd6 Nd4 78. Bg3 Nc6 79. Kb5 Kd5 80. Kb6 Nd4 81. Bf2 Nc6 82. Kc7 Ne5 83. Kd8 (83. Bg1 $16) 83... Kc6 $11 84. Ke7 Nf3 85. Kf6 Nxh4 86. Bxh4 1/2-1/2

[Event "26th Triest Festival 2024"]
[Site "Triest"]
[Date "2024.09.03"]
[Round "6.3"]
[White "Doric, Darko"]
[Black "Marn, Jan"]
[Result "1-0"]
[Annotator "TA"]
[ECO "A48"]
[WhiteElo "2443"]
[BlackElo "2344"]
[PlyCount "69"]
[EventDate "2024.09.02"]
[EventType "swiss"]
[EventCountry "ITA"]
[SourceTitle "playchess.com"]
[Source "ChessBase"]
[SourceQuality "1"]
[TimeControl "5400+30"]

1. d4 Nf6 2. Nf3 g6 3. Bg5 Bg7 4. c3 d6 5. Nbd2 h6 6. Bh4 g5 7. Bg3 Nh5 8. e4 Nd7 9. Nc4 Nxg3 10. hxg3 e6 11. Bd3 b6 {[%emt 0:00:21] White is slightly better.} 12. Qe2 {[%emt 0:00:58] White has more active pieces. The black rooks are passive.} Bb7 13. a4 a6 14. Ne3 Qe7 15. g4 (15. Nd2 $16) 15... O-O $11 16. O-O c5 17. d5 Nf6 18. c4 Nd7 19. Rab1 Bc8 20. g3 Ne5 21. Nxe5 Bxe5 22. Kg2 Bd7 23. b3 Rab8 24. f4 Bd4 25. Rh1 Kg7 $1 26. Rh5 Bxe3 27. Qxe3 f6 {[%emt 0:00:04][%mdl 8192] This move loses the game for Black.} (27... exd5 $16 28. fxg5 Bxg4 29. gxh6+ (29. Rxh6 dxe4 30. Qxe4 Qxe4+ 31. Bxe4 Rbe8 $16) 29... Kh8 30. Rxd5 f5) 28. e5 $18 dxe5 {[%emt 0:11:43] [#]} 29. Rxh6 $3 Rh8 {[%emt 0:00:45] Wards off Rh7+} 30. Rg6+ Kf7 31. fxe5 f5 32. gxf5 exf5 33. Qxg5 Qxe5 {[%emt 0:00:10] [#]} 34. Re1 $3 Qxe1 (34... Rh2+ 35. Kxh2) 35. Qf6+ {[%emt 0:00:07] Weighted Error Value: White=0.46/Black=0.61.  Loses game:     	---       	Black=1      Mistake:       	White=1     	---        Inaccurate:     	White=1     	Black=3      OK:         	White=7     	Black=5      Best:        	White=1     	---        Strong:       	---       	Black=1} (35. Bxf5 {gets mated.} Qh1+ 36. Kf2 Rh2+ 37. Ke3 Qg1+ 38. Kf3 Qd1+ (38... Rf2+ {leads to mate.} 39. Kg4 Qd1+ 40. Kh3 Rh8+ 41. Qh6 Rxh6+ 42. Rxh6 Bxf5+ 43. Kh4 Qg4#) 39. Kf4 Qd4+ 40. Be4 Rf2#) 1-0

[Event "26th Triest Festival 2024"]
[Site "Triest"]
[Date "2024.09.03"]
[Round "6.4"]
[White "Gong, Qianyun"]
[Black "Lumachi, Gabriele"]
[Result "1/2-1/2"]
[Annotator "RC"]
[ECO "B12"]
[WhiteElo "2250"]
[BlackElo "2440"]
[PlyCount "193"]
[EventDate "2024.09.02"]
[EventType "swiss"]
[EventCountry "ITA"]
[SourceTitle "playchess.com"]
[Source "ChessBase"]
[SourceQuality "1"]
[TimeControl "5400+30"]

1. e4 c6 2. d4 d5 3. e5 Bf5 4. h4 h5 5. c4 e6 6. Nc3 Bb4 7. Bd3 dxc4 8. Bxf5 exf5 9. Nf3 Na6 10. O-O Nc7 11. Ne2 Ne7 12. Bg5 Ne6 13. Qc2 b5 14. a3 Ba5 15. Bxe7 Qxe7 16. b3 g6 17. bxc4 Qd7 18. Rfd1 bxc4 19. Qxc4 Rc8 20. Qc1 Kf8 21. Nf4 Nxf4 22. Qxf4 Kg7 23. Rac1 Bb6 24. Rd3 Qd5 25. Rcd1 Rhe8 26. Ng5 Bd8 27. Nf3 Be7 28. g3 Rb8 29. Ne1 Rb2 30. Ng2 Reb8 31. Qe3 Rb1 32. Qe1 Rxd1 33. Qxd1 Qa2 34. Qf3 Rb1+ 35. Kh2 Rf1 36. Rc3 Qa1 37. Nf4 Rxf2+ 38. Qxf2 Qxc3 39. a4 a5 40. e6 Bd6 41. exf7 Bxf4 42. Qxf4 Qc2+ 43. Kg1 Qxa4 44. f8=Q+ Kxf8 45. Qd6+ Ke8 46. Qxg6+ Kd8 47. Qd6+ Kc8 48. Qc5 Kb7 49. Kf2 Qa2+ 50. Ke3 Qd5 51. Qc3 a4 52. Qb4+ Qb5 53. Qe7+ Ka6 54. Qe8 Ka5 55. Kf4 Qd5 56. Qe1+ Kb5 57. Qb1+ Ka6 58. Qb4 Qa5 59. Qd6 Kb7 60. Qf8 a3 61. d5 Qd2+ 62. Ke5 Qxd5+ 63. Kf6 Qd4+ 64. Kg6 Qg4+ 65. Kh6 Qxg3 66. Qb4+ Kc8 67. Qf8+ Kd7 68. Qxf5+ Kd6 69. Qf8+ Kd5 70. Qf7+ Kd4 71. Qd7+ Kc5 72. Qa7+ Kc4 73. Qa4+ Kd5 74. Qa5+ c5 75. Kxh5 Qe5+ 76. Kg6 Qe4+ 77. Kg5 Qe7+ 78. Kg4 Qe2+ 79. Kg5 Qg2+ 80. Kh6 Qb2 81. h5 a2 82. Qa8+ Kc4 83. Qe4+ Kc3 84. Qe5+ Kb3 85. Qd5+ c4 86. Qb5+ Kc3 87. Qe5+ Kc2 88. Qf5+ Kc1 89. Qf1+ Kd2 90. Qf2+ Kc3 91. Qf6+ Kb3 92. Qb6+ Kc2 93. Qg6+ Kc3 94. Qf6+ Kb3 95. Qb6+ Kc2 96. Qg6+ Kc1 97. Qg1+ 1/2-1/2

[Event "26th Triest Festival 2024"]
[Site "Triest"]
[Date "2024.09.03"]
[Round "6.5"]
[White "Valsecchi, Alessio"]
[Black "Brilej, Jaka"]
[Result "1-0"]
[Annotator "RC"]
[ECO "B90"]
[WhiteElo "2475"]
[BlackElo "2280"]
[PlyCount "61"]
[EventDate "2024.09.02"]
[EventType "swiss"]
[EventCountry "ITA"]
[SourceTitle "playchess.com"]
[Source "ChessBase"]
[SourceQuality "1"]
[TimeControl "5400+30"]

1. e4 c5 2. Nf3 d6 3. d4 cxd4 4. Nxd4 Nf6 5. Nc3 a6 6. Be3 e5 7. Nb3 Be7 8. h3 h5 9. Be2 Be6 10. O-O Nbd7 11. f4 Rc8 12. Qe1 b5 13. Bd3 exf4 14. Bxf4 Ne5 15. Nd4 O-O 16. a4 Nxd3 17. cxd3 b4 18. Nce2 d5 19. e5 Nd7 20. Qg3 Kh7 21. Be3 Bh4 22. Qf3 g6 23. Qf4 Kg8 24. Nf3 Be7 25. Qh6 Re8 26. Ng5 Nf8 27. Nd4 Bc5 28. Ndxe6 Bxe3+ 29. Kh1 Rxe6 30. Rxf7 Qxg5 31. Qg7# 1-0

[Event "26th Triest Festival 2024"]
[Site "Triest"]
[Date "2024.09.03"]
[Round "6.6"]
[White "Kovchan, Alexander"]
[Black "Candian, Lorenzo"]
[Result "1-0"]
[Annotator "TA"]
[ECO "B28"]
[WhiteElo "2455"]
[BlackElo "2164"]
[PlyCount "193"]
[EventDate "2024.09.02"]
[EventType "swiss"]
[EventCountry "ITA"]
[SourceTitle "playchess.com"]
[Source "ChessBase"]
[SourceQuality "1"]
[TimeControl "5400+30"]

1. e4 c5 2. Nf3 a6 3. c3 d5 4. exd5 Qd7 5. d6 Qxd6 6. d3 Qd5 7. d4 e6 8. Be2 Nf6 9. O-O cxd4 10. cxd4 (10. Nxd4 {feels hotter.} Bd6 11. Be3 O-O 12. Nd2) 10... Nc6 11. Bf4 Be7 {[%emt 0:00:00] The position is equal.} 12. Nc3 Qa5 13. Ne5 Nb4 14. Bf3 Nbd5 15. Nxd5 Nxd5 16. Bg3 O-O 17. a3 Rd8 18. Be4 {[%emt 0:00:00][%cal Oe4h7] Black must now prevent Bxh7+!} Nf6 19. Nc4 Qb5 20. Bd3 Nd5 {[%emt 0:00:00] Dodges Bc7} 21. Rc1 Bf6 22. Be5 Bxe5 23. dxe5 Qe8 (23... g6 $142) 24. Nd6 $36 {[%emt 0:00:00][%mdl 2048] Keeping Black busy.} Qe7 25. Be4 {[%emt 0:00:00] White has more active pieces.} Rxd6 (25... Bd7 $16 26. Bxd5 (26. Nxb7 Ba4 $16) 26... exd5) 26. exd6 $18 Qxd6 27. Qc2 g6 28. Qc5 Qxc5 29. Rxc5 Bd7 30. Bxd5 exd5 31. Rxd5 {[%emt 0:00:00][%mdl 4096] Endgame. KRR-KRB} Be6 32. Rd6 Rc8 33. Rfd1 Rc2 34. R6d2 Rc5 35. b4 Rc3 36. Rd3 Rc7 37. f3 h5 38. h4 Kg7 39. Kf2 a5 40. bxa5 Rc5 41. Re3 ({Stronger than} 41. Rb1 Bf5 42. a6 bxa6 $11) 41... Rxa5 42. Rb1 b5 43. Rb4 Kf6 44. Rc3 Ke5 45. Ke3 Kd6 46. Kd4 Bc4 $2 {[%emt 0:01:12] [#]} (46... Bf5 47. Ke3 Ke7) 47. a4 $1 Bf1 (47... Ra8 48. axb5) 48. axb5 Rxb5 49. Rxb5 Bxb5 {[%emt 0:00:04] KR-KB} 50. Rb3 Bf1 51. Rb6+ Ke7 52. g3 {[%emt 0:00:09] Strongly threatening Ke5.} Kf8 53. Ke5 Kg7 54. Kf4 Bc4 55. Kg5 Bd5 56. Rf6 Be6 57. Rf4 Bd5 58. g4 $1 hxg4 59. Kxg4 ({Less strong is} 59. fxg4 Bc6 $16) 59... Kh6 60. Rd4 Be6+ 61. Kf4 Kg7 62. Rd6 Kh6 63. Ke5 $2 (63. Rd8 $18 {is more deadly.} Bb3 64. Rh8+ Kg7 65. Ra8) 63... Kh5 $16 64. Rd4 Bb3 65. Rf4 Be6 66. Kd4 Bb3 67. Ke3 Be6 68. Kf2 Bb3 $2 {[%emt 0:00:36][%mdl 8192] [#] A mistake that costs the game.} (68... g5 $16 69. hxg5 Kxg5) 69. Kg3 $1 $18 Be6 70. Re4 Bb3 71. Re8 Kh6 72. Kf4 Bc4 73. Rb8 Bd5 74. Rh8+ Kg7 75. Rd8 Bb7 76. Rd3 Kf6 77. Rb3 Bd5 78. Rb5 Bc4 (78... Ke6 $142 79. h5 gxh5 80. Rb6+ Ke7) 79. Rc5 Bd3 80. Rd5 (80. Rc6+ $142 Kg7 81. Kg5) 80... Bc2 81. Rg5 (81. Rd6+ $142 Kg7 82. Kg5) 81... Bd1 $2 (81... Bd3 82. h5 Kg7) 82. Rc5 $2 (82. h5 {White wants to mate with h6.} Kg7 83. Rg2) 82... Bb3 $2 {[%emt 0:01:53] [#]} (82... Kg7 $18 83. h5 gxh5 84. Rxh5 f6) 83. h5 $1 {[%emt 0:00:09] White mates.} gxh5 84. Rxh5 Bc2 85. Rc5 Bb1 86. Rc6+ Kg7 87. Kg5 Bd3 88. Rc7 Bb1 89. f4 Ba2 90. f5 Bb3 91. f6+ Kh7 92. Rc3 Be6 93. Rg3 Kg8 94. Kh6+ Kf8 95. Ra3 Ke8 96. Kg7 Bd5 97. Ra7 {[%emt 0:00:08] Weighted Error Value: White=0.11 (very precise) /Black=0.12 (very precise) .  Loses game:     	---       	Black=1      Missed win:     	White=1     	---        Mistake:       	White=1     	Black=6      Inaccurate:     	White=2     	Black=4      OK:         	White=30    	Black=25     Best:        	White=6     	Black=2      Strong:       	White=2     	---        Brilliant:      	White=1     	---} 1-0

[Event "26th Triest Festival 2024"]
[Site "Triest"]
[Date "2024.09.03"]
[Round "6.7"]
[White "Chia, Yu Zhe Ashton"]
[Black "Willems, Niels"]
[Result "1/2-1/2"]
[Annotator "TA"]
[ECO "B90"]
[WhiteElo "2224"]
[BlackElo "2384"]
[PlyCount "81"]
[EventDate "2024.09.02"]
[EventType "swiss"]
[EventCountry "ITA"]
[SourceTitle "playchess.com"]
[Source "ChessBase"]
[SourceQuality "1"]
[TimeControl "5400+30"]

1. e4 c5 2. Nf3 d6 3. d4 cxd4 4. Nxd4 Nf6 5. Nc3 a6 6. h3 e5 7. Nf3 Be7 8. g4 h6 9. Rg1 (9. Be3 $5) 9... g5 (9... b5 $11) 10. Nd2 $14 Be6 11. Nc4 b5 12. Ne3 Nbd7 13. Ned5 Nb6 14. Be3 Nfxd5 15. Nxd5 Nxd5 16. exd5 Bd7 17. Bd3 b4 18. a3 Qa5 19. Qd2 (19. Qf3 {is interesting.} bxa3+ 20. Ke2 a2 21. Bd2) 19... Qxd5 20. Qxb4 {[%emt 0:01:25] [#] Strongly threatening Be4.} a5 21. Qe4 Bc6 22. Qxd5 Bxd5 23. Bb5+ Kf8 24. O-O-O Be4 25. c3 Kg7 26. Bc4 a4 27. Bd5 Bxd5 28. Rxd5 {[%emt 0:00:01] [#]} f5 29. Bb6 (29. gxf5 $11 Kf6 30. Rg4) 29... Ra6 $15 30. Ba5 h5 31. gxf5 Kf6 32. Bb4 Kxf5 33. f3 ({White should try} 33. Kd1 $15) 33... Ke6 34. Rd3 Rf8 35. b3 axb3 36. Kb2 Rf4 37. Kxb3 Rh4 38. Rh1 Bf6 (38... Ra7 $17 39. c4 Rc7) 39. Rhd1 Be7 40. Rh1 Bf6 41. Rhd1 {[%emt 0:00:07] Weighted Error Value: White=0.13 (very precise) /Black=0.14 (very precise) .  Mistake:       	White=2     	Black=3      Inaccurate:     	White=5     	Black=3      OK:         	White=16    	Black=15     Best:        	White=2     	Black=1} 1/2-1/2

[Event "26th Triest Festival 2024"]
[Site "Triest"]
[Date "2024.09.03"]
[Round "6.8"]
[White "Kanyamarala, Tarun"]
[Black "Fischer, Daniel"]
[Result "0-1"]
[Annotator "TA"]
[ECO "E53"]
[WhiteElo "2361"]
[BlackElo "2349"]
[PlyCount "93"]
[EventDate "2024.09.02"]
[EventType "swiss"]
[EventCountry "ITA"]
[SourceTitle "playchess.com"]
[Source "ChessBase"]
[SourceQuality "1"]
[TimeControl "5400+30"]

1. d4 Nf6 2. c4 e6 3. Nc3 Bb4 4. e3 O-O 5. Bd3 d5 6. a3 Bxc3+ 7. bxc3 dxc4 8. Bxc4 c5 9. Nf3 Qc7 10. Be2 Nc6 {[%emt 0:02:21] E53: Nimzo-Indian: Rubinstein: Main Line (4...0-0 5 Nf3 d5 6 Bd3 c5 7 0-0).} 11. Bb2 Rd8 12. Qc2 e5 13. dxe5 Nxe5 14. c4 Ned7 $146 (14... Ng6 $11) ({Predecessor:} 14... Nxf3+ 15. Bxf3 Qa5+ 16. Bc3 Qa6 17. O-O Qxc4 18. Rfc1 h6 19. Ba5 Qxc2 20. Rxc2 Re8 21. Rxc5 Ne4 22. Rc7 Rb8 23. Rb1 Ng5 24. h4 {½-½ Kozak,A (2552)-Navara,D (2685) EU-ch 23rd Vrnjacka Banja 2023 (4)}) 15. g4 Ne8 (15... Nxg4 $14 16. Rg1 Nde5 (16... Nxh2 17. Rxg7+ Kf8 18. Rxf7+ Ke8 19. Qe4+)) 16. h4 Nf8 17. Ne5 (17. Rg1 $1 $16) 17... Qe7 $14 18. g5 Be6 (18... Ng6 $11 19. Qc3 Rd6) 19. f4 Ng6 20. h5 Nxe5 21. Bxe5 Qd7 (21... f6 $11 22. gxf6 gxf6) 22. Bb2 (22. Rg1 $16) 22... Bg4 23. Qc3 (23. Be5 $11 {keeps the balance.}) 23... Bxe2 24. Kxe2 Qg4+ 25. Kf2 Qf5 ({Better is} 25... Rd6 $1 $17 {...Rad8 would now be deadly.} 26. Rag1 Qe6) 26. Rad1 $15 f6 27. Rhg1 $1 Nd6 28. Rxd6 $1 Rxd6 29. gxf6 Rd7 (29... Qxh5 $11 {remains equal.} 30. f7+ (30. fxg7 $2 Qh4+ 31. Kf3 Qh3+ 32. Kf2 Rad8 $19) (30. Rxg7+ Kf8 $11) 30... Kxf7 31. Rxg7+ Kf8) 30. Rg5 $16 (30. fxg7 $2 Qxh5 31. Bc1 Qh2+ 32. Rg2 Qh4+ 33. Ke2 Re8 $19) (30. Rxg7+ Rxg7 31. fxg7 Qxh5 $17) 30... Qe6 31. f5 (31. fxg7 Qh3 32. Rd5 (32. Rxc5 $2 Qh2+ 33. Kf3 Rd2 $19) 32... Qh2+ 33. Kf1 Qh1+ 34. Kf2 Rxd5 35. cxd5 Qxd5 $11) (31. Rxg7+ Rxg7 32. fxg7 Rd8 $17) 31... Qe8 32. h6 (32. fxg7 $6 Rad8 33. f6 Rd2+ 34. Kf3 Qc6+ 35. Rd5 R2xd5 36. cxd5 Qxd5+ 37. Kf4 Qxh5 38. Qc4+ Rd5 $11) (32. Rxg7+ $6 Rxg7 33. fxg7 Qxh5 $11) 32... Rf7 (32... Kf8 $16) 33. Rxg7+ $2 ({Resist} 33. hxg7 Qe4) ({White should play} 33. Qc2 $1 $18 {[%cal Oe3e4] e4! is the strong threat.} Qc6 34. Rxg7+ (34. fxg7 $2 {is the wrong capture.} Qxh6 35. Rg2 Re8 $19) (34. hxg7 Re8 $16) 34... Rxg7 35. hxg7) 33... Rxg7 $11 34. f7+ (34. hxg7 $11 a6 35. Qe5 Qxe5 36. Bxe5) 34... Qxf7 $17 35. Qxg7+ Qxg7 36. hxg7 Rd8 37. Ke2 $2 (37. Bf6 $17 Rd6 38. Be5) 37... h5 38. e4 $2 (38. Bf6 {was called for.} Rd6 39. Be7) 38... Kf7 39. e5 Kxg7 40. e6+ Rd4 $1 41. Ke3 {[%emt 0:00:56] [#]} h4 $1 42. Bxd4+ cxd4+ 43. Kxd4 {[%emt 0:00:16] [#]} h3 $1 44. Ke5 h2 45. f6+ Kf8 46. e7+ Kf7 47. Kd4 0-1

[Event "26th Triest Festival 2024"]
[Site "Triest"]
[Date "2024.09.03"]
[Round "6.9"]
[White "Bardone, Lorenzo"]
[Black "Tiviakov, Sergei"]
[Result "0-1"]
[Annotator "TA"]
[ECO "E16"]
[WhiteElo "2234"]
[BlackElo "2531"]
[PlyCount "138"]
[EventDate "2024.09.02"]
[EventType "swiss"]
[EventCountry "ITA"]
[SourceTitle "playchess.com"]
[Source "ChessBase"]
[SourceQuality "1"]
[TimeControl "5400+30"]

1. d4 Nf6 2. c4 e6 3. g3 d5 4. Bg2 Bb4+ 5. Nd2 O-O 6. Ngf3 b6 7. O-O Bb7 8. a3 Bd6 {[%emt 0:01:31] E16: Queen's Indian: 4 g3 Bb7 5 Bg2 Bb4+.} 9. b4 dxc4 10. Nxc4 Nbd7 11. Nxd6 cxd6 12. Bf4 Qe7 13. Rc1 b5 $146 ({Predecessor:} 13... Rac8 14. Qa4 a6 15. Nd2 Nd5 16. Ne4 Nxf4 17. gxf4 d5 18. Ng5 Qd6 19. e3 b5 {0-1 Ansh,M (2171)-Matinian,N (2407) Titled Tuesday intern op 7th Mar Late blitz 2023 (4)}) 14. Qd3 Rfb8 15. Nd2 Bxg2 16. Kxg2 Nd5 17. Rc6 Nxf4+ 18. gxf4 Nb6 19. Rfc1 a6 20. Ne4 Nc4 21. d5 h6 22. Nd2 exd5 23. Qxd5 Qxe2 24. Nxc4 bxc4 25. R6xc4 Re8 26. Qf3 Qe6 27. Qh3 Qf6 28. Qc3 Qe7 29. Rc7 Qe6 30. Qf3 d5 31. f5 Qf6 32. Qxd5 Rad8 33. Qb3 (33. Qf3 $11) 33... Re5 (33... Qg5+ $17 34. Qg3 Qxf5) 34. R1c6 (34. Rc8 $11) 34... Qxf5 $17 35. Qf3 Qg5+ 36. Qg3 Rd3 37. Qxg5 Rxg5+ 38. Kf1 Rxa3 39. Ra7 (39. Rc5 $17 {was worth a try.}) 39... Ra1+ $19 40. Ke2 Ra2+ $1 41. Ke3 Re5+ 42. Kd4 Rf5 43. Rcxa6 Raxf2 44. Ra2 R2f4+ 45. Kc3 Rh4 $1 46. Kb3 Rb5 $1 47. R7a4 g5 48. Rc2 Kg7 49. Rb2 Kg6 ({Black should play} 49... Rb6 $19 {And now ...Kg6 would win.} 50. Kc3 Rf6) 50. Ka3 $2 (50. Ra6+ $1 $15 f6 51. Ka4) 50... Rh3+ $19 51. Ka2 g4 52. Ra5 Rxa5+ 53. bxa5 Rh5 54. Rb6+ f6 55. a6 {[%emt 0:00:25] [#]} Ra5+ $1 ({Worse is} 55... Rxh2+ 56. Ka3 Rh1 57. Kb2 $11) 56. Kb3 {[%emt 0:00:01] [#]} h5 $1 57. Rc6 $2 (57. Rd6) 57... h4 $19 58. Rc4 (58. Rd6 $142 h3 59. Rd4 Rxa6 60. Rxg4+ Kh5 61. Rg3) 58... Rxa6 $19 59. Rxg4+ Kh5 60. Rg2 Rc6 61. h3 f5 62. Kb4 Rc1 63. Rf2 Kg5 64. Rf3 f4 65. Kb3 Kf5 66. Kb2 Rc8 67. Ka2 Ke4 68. Rb3 f3 69. Rb4+ Ke5 0-1

[Event "26th Triest Festival 2024"]
[Site "Triest"]
[Date "2024.09.03"]
[Round "6.10"]
[White "Lohia, Sohum"]
[Black "Sepehrkhoui, Ardeshir"]
[Result "1-0"]
[Annotator "TA"]
[ECO "C42"]
[WhiteElo "2402"]
[BlackElo "2209"]
[PlyCount "47"]
[EventDate "2024.09.02"]
[EventType "swiss"]
[EventCountry "ITA"]
[SourceTitle "playchess.com"]
[Source "ChessBase"]
[SourceQuality "1"]
[TimeControl "5400+30"]

1. e4 e5 2. Nf3 Nf6 3. Nxe5 d6 4. Nf3 Nxe4 5. Nc3 Nxc3 6. dxc3 Be7 7. Bf4 g5 (7... O-O $11) 8. Be3 $14 (8. Qd4 {feels hotter.} Rg8 9. Bg3 Bf6 10. Bb5+) 8... g4 9. Nd4 {[%emt 0:02:20] White is better.} c5 10. Ne2 Nd7 11. Nf4 Nf6 12. Bc4 {[%emt 0:04:39] White is more active.} O-O 13. h3 (13. Qd3 $18) 13... Bf5 (13... gxh3 $16 14. gxh3 (14. Nxh3 d5 $14) 14... Qb6) 14. Qe2 $18 gxh3 15. Nxh3 b5 16. Bd3 Bg6 17. O-O-O (17. Bxb5 Qc7 18. Nf4 Qb7) 17... Nd7 (17... Qd7 $142 18. Bxb5 Qb7) 18. f4 {[%emt 0:03:21] [#] Hoping for f5.} c4 19. Bxg6 fxg6 20. Bd4 Rf7 21. Qe6 {[%emt 0:02:41][%cal Oh3g5] Ng5! would kill now.} Qc8 $2 (21... Nf8 22. Qd5 Rc8 23. Qxb5 Rf5) 22. Ng5 Bxg5 $2 {[%emt 0:00:14] [#]} (22... Ne5 $18 23. Qxc8+ (23. Bxe5 Qxe6 24. Nxe6 dxe5 $16) 23... Rxc8 24. Nxf7 (24. Bxa7 $2 {is the wrong capture.} Bxg5 25. Be3 Ng4 $19) 24... Nxf7) 23. Rxh7 $3 Bxf4+ 24. Kb1 {[%emt 0:00:06] White took control after the opening.   Weighted Error Value: White=0.11 (very precise) /Black=0.65.  Mistake:       	White=1     	Black=5      Inaccurate:     	White=1     	Black=1      OK:         	White=10    	Black=2      Best:        	White=1     	Black=1      Brilliant:      	White=1     	---} 1-0